Map: 승천의 사슬

Players

제임스레이더

  • Race: Zerg Zerg

Spirit

  • Race: Terran Terran
  • League: Master
  • Spawn Location: 11:00

VOD

Have the link to the VOD?

Description

Time

  • Played on: Sept. 15, 2017, 2:36 p.m.
  • Length: 20:32
Show
View Real Time Build Order
Export as new Build Order

제임스레이더 Zerg 

Build Orders:  

Get SALT Encoding   

  18  0:03  Primal Drone  
  19  0:13  Primal Drone  
  19  0:18  Primal Drone  
  21  0:24  Primal Drone  
  22  0:33  Primal Drone  
  23  0:49  Primal Drone  
  24  0:58  Extractor x2  
  24  1:07  Primal Drone  
  26  1:21  Primal Drone  
  26  1:28  Primal Warden  
  27  1:38  Primal Drone  
  28  2:13  Primal Drone  
  28  2:14  Primal Drone  
  30  2:32  Glevig's Den  
  29  2:44  Primal Drone x2  
  31  3:14  Primal Drone x2  
  33  3:40  Primal Warden  
  33  3:41  Primal Drone  
  33  3:45  Primal Drone  
  33  3:47  Primal Hive  
  40  4:16  Primal Drone  
  41  4:29  Primal Drone  
  42  4:30  Murvar's Den  
  42  4:34  Primal Drone  
  42  5:04  Primal Drone  
  43  5:14  Primal Drone  
  47  5:42  Primal Drone  
  47  5:43  Primal Drone x5  
  47  5:44  Primal Warden, Extractor  
  47  5:46  Primal Warden x2  
  53  6:06  Primal Drone x2  
  53  6:07  Extractor  
  53  6:09  Primal Drone  
  56  6:14  Primal Attacks Level 1  
  56  6:15  Primal Drone  
  57  6:34  Slicing Glave  
  57  6:36  Dakrun's Den  
  56  6:44  Primal Drone  
  56  6:48  Primal Drone  
  58  7:07  Primal Drone  
  58  7:08  Primal Drone x3  
  62  7:13  Primal Drone  
  63  7:34  Shifting Carapace  
  63  7:39  Primal Drone  
  64  7:40  Primal Drone x2  
  66  8:13  Primal Hydralisk  
  66  8:14  Primal Hydralisk x5  
  66  8:15  Primal Hydralisk x2  
  66  8:18  Primal Drone  
  83  8:21  Primal Hydralisk x2  
  83  8:22  Primal Hydralisk  
  89  8:34  Primal Reconstitution, Primal Hydralisk x2  
  89  8:35  Primal Hydralisk  
  95  9:20  Primal Hydralisk x2  
  95  9:21  Primal Hydralisk x5  
  95  9:22  Primal Hydralisk x2  
  95  9:25  Primal Mutalisk x4  
  95  9:26  Primal Mutalisk x3  
  106  9:37  Primal Hydralisk x2  
  106  9:38  Primal Hydralisk  
  112  9:48  Primal Hydralisk x3  
  118  10:04  Primal Hydralisk x2  
  118  10:05  Primal Hydralisk  
  124  10:23  Primal Drone x7  
  124  10:29  Primal Drone  
  127  10:55  Primal Mutalisk x4  
  127  10:56  Primal Mutalisk x3  
  127  10:57  Primal Mutalisk, Primal Hydralisk x3  
  127  10:58  Primal Hydralisk x3  
  131  11:16  Primal Hydralisk x3  
  136  11:30  Primal Drone x2  
  136  11:31  Primal Zergling x3  
  136  11:32  Primal Zergling x3  
  132  11:50  Primal Drone  
  132  11:55  Primal Mutalisk x2  
  132  11:56  Primal Hydralisk x2  
  132  11:57  Primal Hydralisk x2  
  139  12:05  Ravasaur x2  
  135  12:29  Primal Hydralisk x2  
  133  12:30  Primal Hydralisk x3  
  133  12:33  Primal Mutalisk  
  133  12:34  Primal Mutalisk  
  135  12:46  Primal Hydralisk x3  
  135  12:48  Primal Zergling  
  135  12:49  Primal Zergling x6  
  140  13:08  Primal Hydralisk x2  
  140  13:09  Primal Hydralisk  
  146  13:27  Primal Hydralisk x3  
  152  13:41  Primal Mutalisk x3  
  146  13:56  Primal Hydralisk x3  
  146  13:59  Primal Mutalisk  
  150  14:00  Primal Zergling, Primal Mutalisk  
  150  14:01  Primal Zergling x7  
  150  14:03  Ravasaur  
  150  14:08  Primal Mutalisk  
  156  14:13  Primal Mutalisk  
  154  14:27  Ravasaur x4  
  154  14:30  Primal Hydralisk  
  154  14:31  Primal Hydralisk x2  
  160  14:44  Primal Hydralisk  
  160  14:45  Primal Hydralisk x2  
  166  15:00  Primal Hydralisk  
  166  15:01  Primal Hydralisk  
  170  15:10  Primal Mutalisk x2  
  170  15:19  Primal Hydralisk x2  
  172  15:28  Primal Hydralisk  
  174  15:36  Primal Zergling  
  174  15:37  Primal Zergling x10  
  183  15:44  Primal Hydralisk x2  
  183  15:46  Primal Mutalisk x2  
  183  15:48  Primal Mutalisk  
  182  16:00  Primal Hydralisk  
  182  16:01  Primal Hydralisk  
  182  16:06  Primal Hydralisk  
  188  16:11  Ravasaur x2  
  188  16:12  Ravasaur x3, Primal Zergling  
  188  16:13  Primal Zergling x2  
  188  16:15  Primal Mutalisk  
  188  16:16  Primal Mutalisk  
  179  16:42  Primal Hydralisk x4  
  186  17:00  Primal Drone x3  
  186  17:07  Primal Hydralisk x2  
  186  17:08  Primal Hydralisk x2  
  190  17:10  Primal Mutalisk  
  190  17:14  Primal Mutalisk  
  190  17:16  Primal Hydralisk  
  189  17:21  Primal Mutalisk  
  186  17:31  Primal Hydralisk  
  184  17:46  Primal Hydralisk x3  
  184  17:49  Primal Mutalisk  
  189  17:50  Primal Zergling x4  
  189  17:51  Primal Zergling x7  
  200  18:01  Primal Mutalisk  
  199  18:50  Primal Hydralisk  
  167  19:10  Primal Hydralisk  
  167  19:11  Primal Hydralisk x2  
  167  19:18  Primal Hydralisk x4  
  175  19:27  Primal Hydralisk x2  
  175  19:28  Primal Hydralisk x2  
  174  19:47  Primal Mutalisk  
  174  19:48  Primal Hydralisk x3  
  174  19:49  Primal Hydralisk x2  
Show
View Real Time Build Order
Export as new Build Order

Spirit Terran 

Build Orders:  

Get SALT Encoding   

  12  0:08  SCV  
  13  0:39  SCV  
  14  0:56  SCV  
  15  1:19  Command Center  
  15  1:27  Barracks  
  15  2:24  Orbital Command  
  15  2:33  Command Center  
  15  3:04  Orbital Command  
  15  3:41  Command Center  
  15  4:18  Orbital Command  
  15  4:25  Command Center  
  15  4:48  SCV x2  
  17  5:05  SCV  
  18  5:11  SCV  
  18  5:12  SCV  
  20  5:25  Orbital Command  
  20  5:54  Command Center  
  20  6:02  Command Center  
  20  6:08  Command Center  
  20  6:15  Orbital Command  
  20  7:49  Orbital Command x3  
  20  8:13  Refinery  
  20  8:20  Refinery  
  20  8:21  SCV x4  
  24  9:06  SCV x3  
  24  9:07  SCV  
  28  12:24  Command Center  
  28  12:29  Command Center  
  28  12:32  Command Center  
  28  12:36  Command Center  
  28  12:37  Command Center  
  28  12:39  Command Center  
  28  14:32  Orbital Command x6  
Tags
 
Commander
DehakaRaynor
League
Master
Matchup
Co-op
Replay Pack
Co-op Speedrun
Add a new tag
Caveats
  • Supply blocks, unpowered buildings, or Contaminate may cause inaccurate times.
  • Supply counts are checked every 10 seconds.